 Dungeon Crawl Stone Soup version 0.22-a0-148-gf2798f9f4d (webtiles) character file.

89 Ikesh the Sneak (level 4, -2/21 HPs)
             Began as a Spriggan Enchanter on Feb 7, 2018.
             Killed by divine providence
             ... invoked by an orc priest
              (8 damage)
             ... on level 2 of the Dungeon.
             The game lasted 00:11:18 (1529 turns).

Ikesh the Sneak (Spriggan Enchanter)                Turns: 1529, Time: 00:11:19

Health: -2/21      AC:  4    Str:  4    XL:     4   Next: 31%
Magic:  3/10       EV: 18    Int: 17    God:
Gold:   37         SH:  0    Dex: 16    Spells: 1/10 levels left

rFire    . . .     SeeInvis +   a - +1 dagger
rCold    . . .     Gourm    .   (shield restricted)
rNeg     . . .     Faith    .   b - +0 robe
rPois    .         Spirit   .   (helmet restricted)
rElec    .         Reflect  .   e - +1 cloak
rCorr    .         Harm     .   (gloves unavailable)
MR       .....                  (boots unavailable)
Stlth    +++.......             (no amulet)
HPRegen  0.07/turn              (no ring)
MPRegen  0.12/turn              (no ring)

@: very quick
A: very small, unfitting armour, see invisible, herbivore, speed 3, slow
metabolism 2
a: no special abilities


You were on level 2 of the Dungeon.
You were not hungry.

You visited 1 branch of the dungeon, and saw 3 of its levels.

You collected 37 gold pieces.

Inventory:

Hand Weapons
 a - a +1 dagger (weapon)
Armour
 b - a +0 robe (worn)
 e - a +1 cloak (worn)
Potions
 g - a potion of might {unknown}
Books
 c - a book of Maledictions

   Spells                             Type                      Level
   a - Corona                         Hexes                        1
   b - Ensorcelled Hibernation        Hexes/Ice                    2
   c - Confuse                        Hexes                        3
   d - Tukima's Dance                 Hexes                        3
   e - Dazzling Spray                 Conjuration/Hexes            3
Comestibles
 d - 3 rations


   Skills:
 + Level 1.7 Short Blades
 + Level 3.3 Dodging
 + Level 5.8 Stealth
 * Level 3.8 Spellcasting
 + Level 4.1 Hexes
 - Level 0.2 Ice Magic


You had one spell level left.
You knew the following spells:

 Your Spells              Type           Power        Failure   Level  Hunger
a - Corona                Hex            ###....      3%          1    None
b - Ensorcelled Hibernat  Hex/Ice        ##....       10%         2    ##.....
c - Confuse               Hex            ###.....     9%          3    ###....
d - Tukima's Dance        Hex            ###.....     9%          3    ###....


Dungeon Overview and Level Annotations

Branches:
Dungeon (3/15)

Altars:
Hepliaklqana


Innate Abilities, Weirdness & Mutations

You are very small and have problems with some larger weapons.
You are too small for most types of armour.
You have supernaturally acute eyesight. (SInv)
You are a herbivore.
You cover ground extremely quickly.
You need consume almost no food.


Message History

Confirm with . or Enter, or press ? or * to list all spells.
You don't have enough magic to cast that spell.
You hit the orc priest.
The orc priest is lightly wounded.
The orc priest calls down the wrath of Beogh upon you.
Beogh smites you!
Ouch! That really hurt!
* * * LOW HITPOINT WARNING * * *
Okay, then.
It was a potion of heal wounds.
You feel much better. The orc priest closely misses you.
You hit the orc priest.
The orc priest is moderately wounded.
The orc priest mumbles some strange prayers to Beogh against you.
Beogh smites you!
Ouch! That really hurt!
* * * LOW HITPOINT WARNING * * *
The orc priest invokes the aid of Beogh against you.
Beogh smites you!
You die...

###.### ##.## #.# #.....# #.# #.#
#.#.#.# #.# #.# #.#.#.# ##'## #.#
##.#†..# ##...## #.#####
....#..###.....## #.....#
##..#..##.......## ##.###.#
#...#..#.........####...##.######
.......'....o...@'....÷..........
#...####.........##.....##.######
##..# ##..>....###.##..##.# ###.#
##.....## #.###.##.# ....#
##...## #.#......# ##### ##'##
#.#.#.#### # ### #######


You could see an orc priest.

Vanquished Creatures
  3 gnolls (D:2)
  3 adders (D:2)
  2 leopard geckos (D:2)
  2 orcs (D:3)
  4 bats
  A giant cockroach (D:2)
  4 goblins
  4 hobgoblins
  2 jackals (D:3)
  3 kobolds
  A frilled lizard (D:3)
  2 rats
31 creatures vanquished.

Vanquished Creatures (others)
  A dancing weapon (D:3)
1 creature vanquished.

Grand Total: 32 creatures vanquished

Notes
Turn   | Place    | Note
-------+----------+-------------------------------------------
     0 | D:1      | Ikesh the Spriggan Enchanter began the quest for the Orb.
     0 | D:1      | Reached XP level 1. HP: 9/9 MP: 5/5
   380 | D:1      | Reached XP level 2. HP: 13/13 MP: 6/6
   386 | D:1      | Learned a level 2 spell: Ensorcelled Hibernation
   817 | D:2      | Reached skill level 5 in Stealth
   952 | D:2      | Reached XP level 3. HP: 16/16 MP: 3/8
  1181 | D:2      | Reached XP level 4. HP: 21/21 MP: 6/10
  1435 | D:2      | Learned a level 3 spell: Confuse
  1439 | D:2      | Learned a level 3 spell: Tukima's Dance
  1479 | D:3      | Found a hazy altar of Hepliaklqana.
  1513 | D:3      | Noticed an orc warrior
  1529 | D:2      | Killed from afar by an orc priest

Vault maps used:
D:1:      lemuel_arrival_broad_hall
D:2:      nicolae_tso_carved_into_rock
D:3:      lemuel_doored_altar, demons_altar, lemuel_coloured_pillars_altar,
          first_ration

Skill      XL: |  1  2 |
---------------+-------+-----
Stealth        | 5 |  5.8
Spellcasting   | 3 |  3.8
Hexes          | 4 |  4.1
Short Blades   | |  1.7
Dodging        | |  3.3
Ice Magic      | |  0.2

Action                   |  1- 3 |  4- 6 || total
-------------------------+-------+-------++-------
Melee: Dagger            |    59 |    22 ||    81
 Cast: Corona            |     3 |       ||     3
       Ensorcelled Hiber |    15 |     4 ||    19
       Tukima's Dance    |       |     2 ||     2
  Use: Potion            |     3 |     1 ||     4
       Scroll            |     1 |     3 ||     4
 Stab: Sleeping          |    16 |     4 ||    20
       Distracted        |       |     1 ||     1
Armor: Robe              |    10 |     7 ||    17
Dodge: Dodged            |    41 |    25 ||    66

Table legend:
 A = Spawn XP
 B = Non-spawn XP
 C = Spawn XP percentage of total XP
 D = Spawn monster count
 E = Non-spawn monster count
 F = Spawn count percentage of total count
 G = Total turns spent on level
                    A         B        C        D         E        F      G
               +---------+---------+-------+---------+---------+-------+---------
         Total |       0 |     128 |   0.0 |       0 |      31 |   0.0 |  1529
               +---------+---------+-------+---------+---------+-------+---------
           D:1 |       0 |      15 |   0.0 |       0 |       9 |   0.0 |   764
           D:2 |       0 |     103 |   0.0 |       0 |      17 |   0.0 |   660
           D:3 |       0 |      10 |   0.0 |       0 |       5 |   0.0 |   105
               +---------+---------+-------+---------+---------+-------+---------
